 Dungeon Crawl Stone Soup version 0.28-a0-563-gf77a47075d (webtiles) character file.

Game seed: 5649680599833455785

12051 kae the Severer (level 11, -6/105 HPs)
             Began as a Hill Orc Fighter on Sept 30, 2021.
             Was a Priest of Qazlal.
             Mangled by a wraith (9 damage)
             ... on level 9 of the Dungeon.
             The game lasted 00:09:22 (12683 turns).

kae the Severer (Hill Orc Fighter)                 Turns: 12683, Time: 00:09:22

Health: -6/105     AC: 11    Str: 27    XL:     11   Next: 87%
Magic:  16/16      EV:  9    Int:  8    God:    Qazlal [***...]
Gold:   324        SH: 13    Dex: 10    Spells: 10/10 levels left

rFire   . . .      SeeInvis +   a - +0 war axe (freeze)
rCold   . . .      Faith    .   c - +0 buckler
rNeg    . . .      Spirit   .   b - +0 scale mail
rPois   .          Reflect  +   (no helmet)
rElec   +          Harm     .   i - +0 cloak of Maofuyju {rElec Str+4 SInv}
rCorr   .          Rampage  .   (no gloves)
Will    .....                   k - +2 pair of boots
Stlth   ..........              h - amulet "Cyasm" {Reflect rElec SH+5}
HPRegen 0.27/turn               (no ring)
MPRegen 0.15/turn               (no ring)

@: slowed, very slow
A: no striking features
a: Renounce Religion, Upheaval, Elemental Force


You were on level 9 of the Dungeon.
You worshipped Qazlal.
Qazlal was most pleased with you.
You visited 2 branches of the dungeon, and saw 11 of its levels.
You also visited: Ossuary.

You collected 413 gold pieces.
You spent 89 gold pieces at shops.

Inventory:

Hand Weapons
 a - a +0 war axe of freezing (weapon)
 D - a +4 battleaxe
Missiles
 F - 2 throwing nets (quivered)
Armour
 b - a +0 scale mail (worn)
 c - a +0 buckler (worn)
 i - the +0 cloak of Maofuyju (worn) {rElec Str+4 SInv}
   (You acquired it on level 2 of the Dungeon)

   Str:       It affects your strength (+4).
   rElec:     It insulates you from electricity.
   SInv:      It lets you see invisible.
 k - a +2 pair of boots (worn)
Jewellery
 g - an amulet of faith
 h - the amulet "Cyasm" (around neck) {Reflect rElec SH+5}
   (You acquired it on level 2 of the Dungeon)

   [amulet of reflection]

   It reflects blocked missile attacks.
   rElec:     It insulates you from electricity.
   SH:        It affects your SH (+5).
 v - a ring of ice
Wands
 d - a wand of iceblast (3)
 s - a wand of charming (17)
 t - a wand of polymorph (3)
 y - a wand of digging (2)
 A - a wand of flame (12)
 B - a wand of paralysis (5)
Scrolls
 p - 7 scrolls of identify
 q - 3 scrolls of teleportation
 r - a scroll of immolation
 w - 3 scrolls of enchant armour
 E - a scroll of fog
Potions
 e - 4 potions of flight
 f - a potion of heal wounds
 j - 3 potions of curing
 l - 4 potions of degeneration
 m - 2 potions of cancellation
 n - a potion of berserk rage
 o - 2 potions of lignification
 u - a potion of haste
 x - a potion of might
 z - a potion of brilliance
 G - a potion of magic
 I - a potion of invisibility


   Skills:
 - Level 12.4 Fighting
 - Level 18.1 Axes
 - Level 3.2 Armour
 - Level 3.2 Shields
 + Level 7.8 Invocations
 + Level 2.6 Evocations


You had 10 spell levels left.
You didn't know any spells.
Your spell library contained the following spells:

 Spells                   Type           Power      Damage    Failure   Level
 Ensorcelled Hibernation  Hex/Ice        0%         N/A       85%         2
 Spider Form              Tmut/Pois      0%         N/A       97%         3


Dungeon Overview and Level Annotations

Branches:
Dungeon (10/15)            Temple (1/1) D:4            Lair (0/6) D:8
    Orc (0/2) D:10        Ossuary (visited)

Altars:
Ashenzari
Cheibriados
Dithmenos
Elyvilon
Fedhas
Gozag
Hepliaklqana
Kikubaaqudgha
Makhleb
Nemelex Xobeh
Qazlal
Ru
Sif Muna
Trog
Uskayaw
Vehumet
Xom
Yredelemnul
Zin
The Shining One

Shops:
D:4 *

Annotations:
D:3 1 runed translucent door, Crazy Yiuf
D:4 2 transporters, sn0wgr3's ghost, amateur GrFi


Message History

The orc warrior hits you with a +0 battleaxe!
There is a stone staircase leading up, spattered with blood here.
You hit the orc warrior but do no damage.
You hit the orc warrior. You freeze the orc warrior. You slash the troll!
You freeze the troll. You hit the yak. You freeze the yak.
You hit the steam dragon but do no damage.
You hit the wraith. You freeze the wraith. The troll bites you!
You block the troll's attack. The troll misses you. The yak gores you.
You block the wraith's attack. The steam dragon breathes steam at you.
The ball of steam hits you!
The orc warrior hits you with a +0 battleaxe!!
You are too injured to fight recklessly!
You block the troll's attack. x3
The yak is engulfed in freezing vapours.
The yak gores you but does no damage. The wraith closely misses you.
The steam dragon bites you. The steam dragon barely misses you.
The orc warrior hits you with a +0 scimitar.
You block the orc's attack. The troll bites you!
* * * LOW HITPOINT WARNING * * *
The troll claws you!
* * * LOW HITPOINT WARNING * * *
The troll claws you but does no damage.
The yak is engulfed in freezing vapours.
The yak gores you.
* * * LOW HITPOINT WARNING * * *
The steam dragon breathes steam at you. The ball of steam hits you.
* * * LOW HITPOINT WARNING * * *
The wraith barely misses you.
The orc priest shouts, "Beogh is our master!
Accept the truth or die!"
You climb upwards.
There is a stone staircase leading down here.
As you read the scroll of fear, it crumbles to dust.
You assume a fearsome visage.
The orc warrior looks frightened! x2
The troll looks frightened!
The yak looks frightened!
The steam dragon looks frightened!
The wraith is unaffected.
The troll is engulfed in freezing vapours.
The wraith hits you!
You die...

##..).............###.
###<....#..##.#......
#....###.#####.....
####...(.#..#.###.....
#....##.....#.........
#................#....
##....T.o........##....
##....W☼...........##...
#########.....D@.....(..^..#....
##.....##.......§.#..............
......<.......o...Y.....#........
##.........................##....
###.........(.........##.#####..
####.##...)......###....####..
#.##..[.....#.###....##....
###........##.#...###......
#.......####.....#.##....#.


You could see a yak (fleeing), a troll (fleeing), a wraith, a steam dragon
(fleeing, catching breath) and 2 orc warriors.

Vanquished Creatures
  Harold (D:9)
  2 two-headed ogres
  A cyclops (D:9)
  An unseen horror (D:9)
  A troll (D:8)
  Prince Ribbit (D:6)
  Sigmund (D:3)
  5 wraiths
  12 yaks
  3 wyverns
  A steam dragon (D:9)
  Edmund (D:4)
  3 vampire mosquitoes (D:7)
  Duvessa (D:5)
  6 orc warriors
  2 sky beasts (D:7)
  3 black bears
  A necrophage (D:6)
  3 wolves (D:8)
  4 ogres
  2 centaurs
  4 elf zombies (Ossuary)
  3 bullfrogs
  Dowan (D:5)
  2 scorpions
  A wyvern zombie (D:8)
  A water moccasin zombie (D:5)
  6 killer bees (D:8)
  11 wights
  3 howler monkeys
  4 electric eels
  3 human zombies (Ossuary)
  2 jellies
  5 centaur zombies (Ossuary)
  2 centaur skeletons
  10 hounds
  9 orc priests
  2 bullfrog skeletons
  16 orc wizards
  Ijyb (D:4)
  2 iguanas
  2 killer bee zombies
  A hound zombie (D:5)
  Robin (D:3)
  3 mummies (Ossuary)
  4 gnolls (D:3)
  6 adders
  A white imp (D:4)
  2 ufetubi
  An adder skeleton (D:4)
  2 worms
  3 dart slugs
  48 orcs
  7 ball pythons
  6 endoplasms
  8 giant cockroaches
  20 goblins
  11 hobgoblins
  6 jackals
  7 kobolds
  7 quokkas
  8 bats
  3 frilled lizards
  4 rats (D:1)
304 creatures vanquished.

Vanquished Creatures (others)
  An orc priest (D:9)
  An orc (D:3)
  6 plants
  7 withered plants (D:1)
15 creatures vanquished.

Grand Total: 319 creatures vanquished

Notes
Turn   | Place    | Note
-------+----------+-------------------------------------------
     0 | D:1      | kae the Hill Orc Fighter began the quest for the Orb.
     0 | D:1      | Reached XP level 1. HP: 19/19 MP: 1/1
   220 | D:1      | Reached skill level 3 in Axes
   359 | D:1      | Reached XP level 2. HP: 23/27 MP: 2/2
   543 | D:1      | Reached skill level 4 in Axes
   544 | D:1      | Reached XP level 3. HP: 25/33 MP: 3/3
   694 | D:1      | Found a faded altar of an unknown god.
   872 | D:2      | Identified 2 scrolls of acquirement
   872 | D:2      | Acquired the +0 cloak of Maofuyju {rElec Str+4 SInv}
   879 | D:2      | Acquired the amulet "Cyasm" {Reflect rElec SH+5}
  1126 | D:2      | Reached XP level 4. HP: 41/41 MP: 4/4
  1136 | D:2      | Reached skill level 5 in Axes
  1709 | D:2      | Reached XP level 5. HP: 38/47 MP: 5/5
  1912 | D:2      | Reached skill level 5 in Fighting
  1912 | D:2      | Reached skill level 6 in Axes
  2022 | D:3      | Noticed Sigmund
  2041 | D:3      | Killed Sigmund
  2042 | D:3      | Reached skill level 7 in Axes
  2042 | D:3      | Reached XP level 6. HP: 57/57 MP: 6/6
  2256 | D:3      | Found a runed translucent door.
  2257 | D:3      | Noticed Crazy Yiuf
  2488 | D:3      | Noticed Robin
  2504 | D:3      | Killed Robin
  3006 | D:4      | Noticed Edmund
  3006 | D:4      | Noticed a black bear
  3008 | D:4      | Reached skill level 8 in Axes
  3008 | D:4      | Reached XP level 7. HP: 63/63 MP: 7/7
  3018 | D:4      | Killed Edmund
  3186 | D:4      | Reached skill level 9 in Axes
  3387 | D:4      | Found a transporter.
  3387 | D:4      | Noticed sn0wgr3's ghost (amateur GrFi)
  3396 | D:4      | Found a transporter.
  3461 | D:4      | Found a sand-covered staircase.
  3467 | Ossuary  | Entered an ossuary
  3477 | Ossuary  | Reached XP level 8. HP: 67/73 MP: 8/8
  3501 | Ossuary  | Reached skill level 10 in Axes
  3685 | Ossuary  | Reached skill level 11 in Axes
  4384 | D:4      | Found Ebyi's Assorted Antiques.
  4480 | D:4      | Noticed Ijyb
  4492 | D:4      | Killed Ijyb
  4529 | D:4      | Found a staircase to the Ecumenical Temple.
  4818 | D:4      | Bought a brown potion for 20 gold pieces
  4818 | D:4      | Bought a scroll labelled VUNNAEN ADININ for 23 gold pieces
  4818 | D:4      | Bought a scroll of identify for 46 gold pieces
  4944 | D:5      | Entered Level 5 of the Dungeon
  5009 | D:4      | Reached skill level 12 in Axes
  5102 | D:4      | Reached XP level 9. HP: 80/82 MP: 9/9
  6041 | D:5      | Reached skill level 13 in Axes
  6383 | Temple   | Entered the Ecumenical Temple
  6494 | Temple   | Became a worshipper of Qazlal Stormbringer
  6734 | D:5      | Found a shimmering altar of Xom.
  6734 | D:5      | Found a shimmering blue altar of Sif Muna.
  6932 | D:6      | Noticed Duvessa
  6933 | D:6      | Noticed Dowan
  6970 | D:5      | Killed Duvessa
  6976 | D:5      | Killed Dowan
  7288 | D:6      | Reached skill level 14 in Axes
  7294 | D:6      | Noticed Prince Ribbit
  7309 | D:6      | Killed Prince Ribbit
  7310 | D:6      | Reached skill level 10 in Fighting
  7759 | D:6      | Reached XP level 10. HP: 91/91 MP: 10/10
  8063 | D:7      | Reached skill level 15 in Axes
  8242 | D:7      | Noticed a two-headed ogre
  8250 | D:7      | Killed a two-headed ogre
  8484 | D:7      | Reached skill level 1 in Invocations
  8795 | D:7      | Reached skill level 16 in Axes
  9247 | D:8      | Reached * piety under Qazlal
  9256 | D:8      | Found a staircase to the Lair.
  9451 | D:8      | Reached XP level 11. HP: 81/102 MP: 14/14
  9835 | D:8      | Reached skill level 17 in Axes
  9896 | D:8      | Reached ** piety under Qazlal
  9897 | D:8      | Reached skill level 5 in Invocations
 10369 | D:8      | Noticed a skeletal warrior
 10678 | D:8      | Found the +5 scythe "Finisher" {speed, eviscerate}
 11307 | D:9      | Noticed Harold
 11325 | D:9      | Killed Harold
 11735 | D:9      | Noticed a two-headed ogre
 11742 | D:9      | Killed a two-headed ogre
 11743 | D:9      | Reached skill level 18 in Axes
 11915 | D:9      | Reached skill level 1 in Evocations
 11982 | D:9      | Noticed a cyclops
 11988 | D:9      | Killed a cyclops
 12455 | D:10     | Entered Level 10 of the Dungeon
 12466 | D:10     | Found a staircase to the Orcish Mines.
 12472 | D:10     | Identified the +6 dagger of Wrongful Imprisonment {pain,
                  | rN+}
 12478 | D:10     | Reached *** piety under Qazlal
 12681 | D:10     | HP: 2/105 [steam dragon/ball of steam (6)]
 12683 | D:9      | Mangled by a wraith

Illustrated notes

Levels and vault maps discovered:
D:1:      noname_arrival_rooms_in_the_neighbourhood, layout_rooms,
          shapermc_ecumenical_altar_flowoftime, chequers_serial_rivers_large_b
D:2:      layout_loops_ring, minmay_worlds_worst_comb
D:3:      layout_loops_ring, uniq_crazy_yiuf_cottage, uniq_robin, uniq_sigmund
D:4:      layout_layer_cave, minmay_temple_entry_from_below_b,
          gammafunk_ghost_smash, nicolae_ossuary_entry_plus, minmay_liquid_box,
          nicolae_inconvenience_store, uniq_ijyb, uniq_edmund
D:5:      layout_cave_pools, gammafunk_temple_overflow_wave
D:6:      minmay_spotlight, layout_cave_pools, uniq_prince_ribbit1, uniq_duvessa
D:7:      layout_loops_ring
D:8:      layout_gridville, erik_lair_island, minmay_guarded_unrand_finisher
D:9:      layout_cave_pools, chequers_big_river, lightli_minifort, uniq_harold
D:10:     layout_loops_ring, mainiacjoe_overflow_catwalk_spiral, erik_orc_4
Temple:   compressed_dpeg_circular_temple

Skill      XL: |  1  2  3  4  5  6  7  8  9 10 11 |
---------------+----------------------------------+-----
Axes           | 3 4 5 7 8 9 12 14 16 18 | 18.1
Fighting       | 4 5 6 7 8 10 11 12 | 12.4
Invocations    | 4 7 |  7.8
Evocations     | 2 |  2.6
Armour         | |  3.2
Shields        | |  3.2

Action                   |  1- 3 |  4- 6 |  7- 9 | 10-12 || total
-------------------------+-------+-------+-------+-------++-------
Melee: War axe           |   107 |   157 |   353 |   357 ||   974
       Unarmed           |       |       |     9 |       ||     9
Evoke: Wand              |       |       |     1 |     4 ||     5
  Use: Scroll            |     3 |     3 |    11 |     9 ||    26
       Potion            |       |       |     1 |       ||     1
 Stab: Paralysed         |       |       |       |     1 ||     1
Armor: Scale mail        |    37 |    68 |   132 |    63 ||   300
       Skin              |       |       |     2 |       ||     2
Dodge: Dodged            |    36 |    55 |   115 |    81 ||   287
Block: Buckler           |    35 |    62 |   129 |   154 ||   380
       Reflection        |       |       |     2 |     6 ||     8

Table legend: (Time is in decaauts)
 A = Elapsed time spent in this place.
 B = Non-inter-level travel time spent in this place.
 C = Inter-level travel time spent in this place.
 D = Time resting spent in this place.
 E = Time spent auto-exploring this place.
 F = Levels seen in this place.
 G = Mean time per level.
                   A        B        C        D        E       F      G
               +--------+--------+--------+--------+--------+-----+--------+
         Total |  12713 |  12131 |    582 |   2802 |   7255 |  12 | 1059.4 |
       Dungeon |  12244 |  11694 |    550 |   2802 |   7001 |  10 | 1224.4 |
        Temple |    144 |    112 |     32 |      0 |     90 |   1 |  144.0 |
       Ossuary |    324 |    324 |      0 |      0 |    164 |   1 |  324.0 |
               +--------+--------+--------+--------+--------+-----+--------+

Top non-repeatable levels by time:
     D:4: 2572 daAuts
     D:9: 1807 daAuts
     D:8: 1463 daAuts
     D:7: 1368 daAuts
     D:3: 1100 daAuts
     D:2: 1035 daAuts
     D:5: 985 daAuts
     D:6: 965 daAuts
     D:1: 918 daAuts
 Ossuary: 324 daAuts
  Temple: 144 daAuts
    D:10: 28 daAuts
